TOP OF THE 1ST |
---|
Minnesota ManBearPigs batting - Pitching for Rio Grande Rattlesnake : RHP Alejandro Guzmán | Pitching: RHP Alejandro Guzmán | | Batting: RHB Carlos López | 0-0: Hit by Pitch | Batting: RHB Tom Hicks | 0-0: Called Strike 0-1: Foul Ball, location: 2F 0-2: Ball 1-2: Foul Ball, location: 2F 1-2: Foul Ball, location: 2F 1-2: SINGLE (Line Drive, 34D) Carlos López to second | Batting: SHB Darrel Lang | 0-0: Called Strike 0-1: Ball 1-1: Ball 2-1: Ball 3-1: Swinging Strike 3-2: Strikes out swinging Carlos López steals 3rd base Batter strikes out. Tom Hicks to second | Batting: RHB Jorge Mora | 0-0: Ball 1-0: Ball 2-0: Called Strike 2-1: Called Strike 2-2: SINGLE (Line Drive, 5S) Carlos López scores Tom Hicks to third | Batting: LHB Dave Raines | 0-0: Ball Wild Pitch! Tom Hicks scores Jorge Mora to second 1-0: Ball 2-0: Ball 3-0: Base on Balls | Batting: RHB Gustavo Medine | 0-0: Foul Ball, location: 2F 0-1: Foul Ball, location: 2F 0-2: Ball 1-2: Foul Ball, location: 2F 1-2: Ball 2-2: Foul Ball, location: 2F 2-2: Strikes out swinging | Batting: RHB Jaime Hernández | 0-0: SINGLE (Flyball, 8LS) Jorge Mora to third Dave Raines to second Runner from 3rd tries for Home, SAFE, throw made home | Batting: RHB Irving Galloway | 0-0: Fly out, F8 (Flyball, 8LM) | Top of the 1st over - 3 runs, 3 hits, 0 errors, 2 left on base; Minnesota 3 - Rio Grande 0 | BOTTOM OF THE 1ST |
---|
Rio Grande Rattlesnake batting - Pitching for Minnesota ManBearPigs : RHP Matt Stevenson | Pitching: RHP Matt Stevenson | | Batting: LHB Alberto Roberts | 0-0: Foul Ball, location: 2F 0-1: Swinging Strike 0-2: Ball 1-2: Foul Ball, location: 2F 1-2: Foul Ball, location: 2F 1-2: Foul Ball, location: 2F 1-2: Foul Ball, location: 2F 1-2: Ball 2-2: Strikes out swinging | Batting: RHB Gilberto Guzmán | 0-0: Called Strike 0-1: Reached on error, E4 (Groundball, 4M) | Batting: SHB Carlos Reyes | 0-0: Ball 1-0: Ball 2-0: Ball 3-0: Called Strike 3-1: Called Strike 3-2: Base on Balls Gilberto Guzmán to second | Batting: LHB Claudio Rodríguez | 0-0: Ball 1-0: Ball 2-0: Ball 3-0: Called Strike 3-1: Base on Balls Gilberto Guzmán to third Carlos Reyes to second | Batting: RHB Gary Thomas | 0-0: Ball 1-0: Ball 2-0: Called Strike 2-1: Ball 3-1: Foul Ball, location: 2F 3-2: Base on Balls Gilberto Guzmán scores Carlos Reyes to third Claudio Rodríguez to second | Batting: SHB William Daly | 0-0: Ball 1-0: Ball 2-0: Ball 3-0: Called Strike 3-1: SINGLE (Flyball, 56D) Carlos Reyes scores Claudio Rodríguez to third Gary Thomas to second | Batting: RHB Joe Courtier | 0-0: Called Strike 0-1: Ball 1-1: Ball Error on foul ball, E7 2-2: Ground out 5-3 (Groundball, 5S) Claudio Rodríguez scores Gary Thomas to third William Daly to second | Batting: RHB Doug Delaney | 0-0: Called Strike 0-1: Swinging Strike 0-2: Ball 1-2: Ball 2-2: Ball 3-2: Base on Balls | Batting: SHB Jeremy Holmes | 0-0: Ground out U3 (Groundball, 3L) | Bottom of the 1st over - 3 runs, 1 hit, 2 errors, 3 left on base; Minnesota 3 - Rio Grande 3 | TOP OF THE 2ND |
---|
Minnesota ManBearPigs batting - Pitching for Rio Grande Rattlesnake : RHP Alejandro Guzmán | Batting: RHB Pedro López | 0-0: Fly out, F2 (Popup, 3SF) | Batting: RHB Carlos López | 0-0: Foul Ball, location: 2F 0-1: Ball 1-1: Foul Ball, location: 2F 1-2: Fly out, F8 (Flyball, 8LD) | Batting: RHB Tom Hicks | 0-0: Ball 1-0: Ball 2-0: Foul Ball, location: 2F 2-1: Ball 3-1: Base on Balls | Batting: SHB Darrel Lang | 0-0: Ball 1-0: Ball 2-0: Called Strike 2-1: Foul Ball, location: 2F 2-2: Strikes out looking | Top of the 2nd over - 0 runs, 0 hits, 0 errors, 1 left on base; Minnesota 3 - Rio Grande 3 | BOTTOM OF THE 2ND |
---|
Rio Grande Rattlesnake batting - Pitching for Minnesota ManBearPigs : RHP Matt Stevenson | Batting: LHB Alberto Roberts | 0-0: Called Strike 0-1: Called Strike 0-2: Strikes out swinging | Batting: RHB Gilberto Guzmán | 0-0: Ball 1-0: Ball 2-0: Called Strike 2-1: Foul Ball, location: 2F 2-2: Foul Ball, location: 2F 2-2: Strikes out swinging | Batting: SHB Carlos Reyes | 0-0: Ground out 6-3 (Groundball, 56) | Bottom of the 2nd over - 0 runs, 0 hits, 0 errors, 0 left on base; Minnesota 3 - Rio Grande 3 | TOP OF THE 3RD |
---|
Minnesota ManBearPigs batting - Pitching for Rio Grande Rattlesnake : RHP Alejandro Guzmán | Batting: RHB Jorge Mora | 0-0: Called Strike 0-1: SOLO HOME RUN (Flyball, 7D), Distance : 364 ft | Batting: LHB Dave Raines | 0-0: Foul Ball, location: 2F 0-1: SOLO HOME RUN (Flyball, 9LD), Distance : 337 ft | Batting: RHB Gustavo Medine | 0-0: Ball 1-0: Foul Ball, location: 2F 1-1: Foul Ball, location: 2F 1-2: Strikes out looking | Batting: RHB Jaime Hernández | 0-0: SINGLE (Line Drive, 6MD) | Batting: RHB Irving Galloway | 0-0: Foul Ball, location: 2F 0-1: Ball 1-1: Fly out, F3 (Popup, 23) | Batting: RHB Pedro López | 0-0: Ball 1-0: Ball 2-0: Swinging Strike 2-1: Called Strike 2-2: Foul Ball, location: 2F 2-2: SINGLE (Groundball, 6MD) Jaime Hernández to second Runner from 2nd tries for 3rd, SAFE, no throw | Batting: RHB Carlos López | 0-0: Foul Ball, location: 2F 0-1: Foul Ball, location: 2F 0-2: Foul Ball, location: 2F 0-2: Fielders Choice at 2nd, 6-4 (Groundball, 56) | Top of the 3rd over - 2 runs, 4 hits, 0 errors, 2 left on base; Minnesota 5 - Rio Grande 3 | BOTTOM OF THE 3RD |
---|
Rio Grande Rattlesnake batting - Pitching for Minnesota ManBearPigs : RHP Matt Stevenson | Batting: LHB Claudio Rodríguez | 0-0: Ball 1-0: Foul Ball, location: 2F 1-1: Called Strike 1-2: Foul Ball, location: 2F 1-2: Foul Ball, location: 2F 1-2: Foul Ball, location: 2F 1-2: Foul Ball, location: 2F 1-2: Ball 2-2: SINGLE (Groundball, 4D) | Batting: RHB Gary Thomas | 0-0: SINGLE (Line Drive, 6MD) Claudio Rodríguez to second Runner from 2nd tries for 3rd, SAFE, no throw | Batting: SHB William Daly | 0-0: Foul Ball, location: 2F 0-1: Called Strike 0-2: Ball 1-2: Ball 2-2: Foul Ball, location: 2F 2-2: Foul Ball, location: 2F 2-2: Ball 3-2: Base on Balls Gary Thomas to second | Batting: RHB Joe Courtier | 0-0: Grounds into double play, 4-6-3 (Groundball, 4) Claudio Rodríguez scores Gary Thomas to third | Batting: RHB Doug Delaney | 0-0: Ground out 6-3 (Groundball, 6D) | Bottom of the 3rd over - 1 run, 2 hits, 0 errors, 1 left on base; Minnesota 5 - Rio Grande 4 | TOP OF THE 4TH |
---|
Minnesota ManBearPigs batting - Pitching for Rio Grande Rattlesnake : RHP Alejandro Guzmán | Batting: RHB Tom Hicks | 0-0: Fly out, F6 (Line Drive, 6) | Batting: SHB Darrel Lang | 0-0: Fly out, F9 (Flyball, 9LSF) | Batting: RHB Jorge Mora | 0-0: SINGLE (Line Drive, 56) | Batting: LHB Dave Raines | 0-0: Swinging Strike 0-1: SINGLE (Line Drive, 89S) Jorge Mora to second | Pitching: RHP Billy O'Neal | | Batting: RHB Gustavo Medine | 0-0: Called Strike 0-1: Ball 1-1: Foul Ball, location: 2F 1-2: Ball 2-2: Fly out, F9 (Flyball, 9) | Top of the 4th over - 0 runs, 2 hits, 0 errors, 2 left on base; Minnesota 5 - Rio Grande 4 | BOTTOM OF THE 4TH |
---|
Rio Grande Rattlesnake batting - Pitching for Minnesota ManBearPigs : RHP Matt Stevenson | Batting: SHB Jeremy Holmes | 0-0: Ball 1-0: Foul Ball, location: 2F 1-1: Ball 2-1: Foul Ball, location: 2F 2-2: Foul Ball, location: 2F 2-2: Foul Ball, location: 2F 2-2: Foul Ball, location: 2F 2-2: Ground out 4-3 (Groundball, 34) | Batting: LHB Alberto Roberts | 0-0: Ball 1-0: Ball 2-0: Fly out, F9 (Flyball, 9) | Batting: RHB Gilberto Guzmán | 0-0: Called Strike 0-1: SINGLE (Line Drive, 9S) | Batting: SHB Carlos Reyes | 0-0: SINGLE (Groundball, 4MD) Gilberto Guzmán to second | Pitching: RHP Ryan Allen | | Batting: LHB Claudio Rodríguez | 0-0: Foul Ball, location: 2F 0-1: Ball 1-1: Ball 2-1: Foul Ball, location: 2F 2-2: Ball 3-2: Base on Balls Gilberto Guzmán to third Carlos Reyes to second | Batting: RHB Gary Thomas | 0-0: Ball 1-0: Ball 2-0: Ball 3-0: Called Strike 3-1: Foul Ball, location: 2F 3-2: Base on Balls Gilberto Guzmán scores Carlos Reyes to third Claudio Rodríguez to second | Batting: SHB William Daly | 0-0: Ball 1-0: Ball 2-0: Ball Wild Pitch! Carlos Reyes scores Claudio Rodríguez to third Gary Thomas to second 3-0: Base on Balls | Batting: RHB Joe Courtier | 0-0: Called Strike 0-1: Ground out 3-1 (Groundball, 34S) | Bottom of the 4th over - 2 runs, 2 hits, 0 errors, 3 left on base; Minnesota 5 - Rio Grande 6 | TOP OF THE 5TH |
---|
Minnesota ManBearPigs batting - Pitching for Rio Grande Rattlesnake : RHP Billy O'Neal | Batting: RHB Jaime Hernández | 0-0: Ball 1-0: Fly out, F7 (Flyball, 78XD) | Batting: RHB Irving Galloway | 0-0: Ball 1-0: Called Strike 1-1: Ball 2-1: Foul Ball, location: 2F 2-2: Strikes out swinging | Batting: RHB Pedro López | 0-0: Called Strike 0-1: Ball 1-1: Fly out, F4 (Line Drive, 4M) | Top of the 5th over - 0 runs, 0 hits, 0 errors, 0 left on base; Minnesota 5 - Rio Grande 6 | BOTTOM OF THE 5TH |
---|
Rio Grande Rattlesnake batting - Pitching for Minnesota ManBearPigs : RHP Ryan Allen | Batting: RHB Doug Delaney | 0-0: Ball 1-0: Ball 2-0: Foul Ball, location: 2F 2-1: Ball 3-1: Base on Balls | Batting: SHB Jeremy Holmes | 0-0: Ball Wild Pitch! Doug Delaney to second 1-0: Swinging Strike 1-1: Ball 2-1: Called Strike 2-2: Ball 3-2: Base on Balls | Batting: LHB Alberto Roberts | 0-0: Called Strike 0-1: Ball 1-1: Swinging Strike 1-2: Ball 2-2: Foul Ball, location: 2F 2-2: Fly out, F9 (Flyball, 9LS) | Batting: RHB Gilberto Guzmán | 0-0: Swinging Strike 0-1: Called Strike 0-2: Ball 1-2: Foul Ball, location: 2F 1-2: SINGLE (Line Drive, 34D) Doug Delaney to third Jeremy Holmes to second Runner from 3rd tries for Home, SAFE, no throw | Batting: SHB Carlos Reyes | 0-0: Called Strike 0-1: Foul Ball, location: 2F 0-2: Grounds into double play, 1-6-3 (Groundball, 13) | Bottom of the 5th over - 1 run, 1 hit, 0 errors, 1 left on base; Minnesota 5 - Rio Grande 7 | TOP OF THE 6TH |
---|
Minnesota ManBearPigs batting - Pitching for Rio Grande Rattlesnake : RHP Billy O'Neal | Batting: RHB Carlos López | 0-0: Ball 1-0: Ground out 5-3 (Groundball, 5S) | Batting: RHB Tom Hicks | 0-0: Ball 1-0: Swinging Strike 1-1: Ball 2-1: Ball 3-1: Base on Balls | Pitching: RHP Juan Gutiérrez | | Batting: SHB Darrel Lang | 0-0: Swinging Strike 0-1: Swinging Strike 0-2: Ball 1-2: Foul Ball, location: 2F 1-2: Ball 2-2: Fly out, F8 (Flyball, 8LM) | Batting: RHB Jorge Mora | 0-0: Ball 1-0: SINGLE (Groundball, 6MD) Tom Hicks to second Runner from 2nd tries for 3rd, SAFE, no throw | Batting: LHB Dave Raines | 0-0: Ball 1-0: Ball 2-0: Ball 3-0: Base on Balls Jorge Mora to second | Batting: RHB Gustavo Medine | 0-0: Ball 1-0: Ball 2-0: Ground out 4-3 (Groundball, 4) | Top of the 6th over - 0 runs, 1 hit, 0 errors, 3 left on base; Minnesota 5 - Rio Grande 7 | BOTTOM OF THE 6TH |
---|
Rio Grande Rattlesnake batting - Pitching for Minnesota ManBearPigs : RHP Ryan Allen | Pitching: RHP Ricardo Alonso | | Batting: LHB Claudio Rodríguez | 0-0: Ball 1-0: Ball 2-0: Swinging Strike 2-1: Called Strike 2-2: Ball 3-2: Base on Balls | Batting: RHB Gary Thomas | 0-0: Grounds into double play, 5-4-3 (Groundball, 56) | Batting: SHB William Daly | 0-0: Ball 1-0: Ball 2-0: Ball 3-0: Called Strike 3-1: Base on Balls | Batting: RHB Joe Courtier | 0-0: Called Strike 0-1: Foul Ball, location: 2F 0-2: Ball 1-2: Ball 2-2: Foul Ball, location: 2F 2-2: Strikes out looking | Bottom of the 6th over - 0 runs, 0 hits, 0 errors, 1 left on base; Minnesota 5 - Rio Grande 7 | TOP OF THE 7TH |
---|
Minnesota ManBearPigs batting - Pitching for Rio Grande Rattlesnake : RHP Juan Gutiérrez | Batting: RHB Jaime Hernández | 0-0: Called Strike 0-1: Foul Ball, location: 2F 0-2: Ball 1-2: Strikes out swinging | Batting: RHB Irving Galloway | 0-0: Ground out 6-3 (Groundball, 6MS) | Batting: RHB Pedro López | 0-0: Ball 1-0: Ball 2-0: Ball 3-0: Base on Balls | Batting: RHB Carlos López | 0-0: Called Strike 0-1: Ball 1-1: Ball 2-1: SINGLE (Flyball, 34D) Pedro López to second Runner from 2nd tries for 3rd, SAFE, throw made at trailing runner, OUT! | Top of the 7th over - 0 runs, 1 hit, 0 errors, 1 left on base; Minnesota 5 - Rio Grande 7 | BOTTOM OF THE 7TH |
---|
Rio Grande Rattlesnake batting - Pitching for Minnesota ManBearPigs : RHP Ricardo Alonso | Batting: RHB Doug Delaney | 0-0: Called Strike 0-1: Ball 1-1: Ball 2-1: Foul Ball, location: 2F 2-2: Ball 3-2: SINGLE (Groundball, 6MD) | Batting: SHB Jeremy Holmes | Pickoff Throw to First - Out! 0-0: Ball 1-0: Ball 2-0: Ball 3-0: Called Strike 3-1: Ground out 4-3 (Groundball, 4M) | Batting: LHB Alberto Roberts | 0-0: Ball 1-0: Called Strike 1-1: Foul Ball, location: 2F 1-2: Strikes out swinging | Bottom of the 7th over - 0 runs, 1 hit, 0 errors, 0 left on base; Minnesota 5 - Rio Grande 7 | TOP OF THE 8TH |
---|
Minnesota ManBearPigs batting - Pitching for Rio Grande Rattlesnake : RHP Juan Gutiérrez | Batting: RHB Tom Hicks | 0-0: Ball 1-0: Ball 2-0: Swinging Strike 2-1: Ball 3-1: Called Strike 3-2: Foul Ball, location: 2F 3-2: Strikes out swinging | Batting: SHB Darrel Lang | 0-0: Fly out, F8 (Flyball, 8RS) | Batting: RHB Jorge Mora | 0-0: Ball 1-0: Ball 2-0: Called Strike 2-1: Ball 3-1: Foul Ball, location: 2F 3-2: Foul Ball, location: 2F 3-2: Base on Balls | Pitching: RHP Nelson Britt | | Batting: LHB Dave Raines | 0-0: Ball 1-0: Ground out 6-3 (Groundball, 6M) | Top of the 8th over - 0 runs, 0 hits, 0 errors, 1 left on base; Minnesota 5 - Rio Grande 7 | BOTTOM OF THE 8TH |
---|
Rio Grande Rattlesnake batting - Pitching for Minnesota ManBearPigs : RHP Ricardo Alonso | Batting: RHB Gilberto Guzmán | 0-0: Ball 1-0: Ball 2-0: Called Strike 2-1: Ball 3-1: Base on Balls | Batting: SHB Carlos Reyes | 0-0: Called Strike 0-1: Ball 1-1: Swinging Strike 1-2: Foul Ball, location: 2F 1-2: Foul Ball, location: 2F 1-2: Foul Ball, location: 2F 1-2: Strikes out looking | Batting: LHB Claudio Rodríguez | Balk! Gilberto Guzmán to second 0-0: Intentional Walk | Batting: RHB Gary Thomas | 0-0: Ball 1-0: Ball 2-0: SINGLE (Line Drive, 8LM) Gilberto Guzmán to third Claudio Rodríguez to second Runner from 3rd tries for Home, SAFE, throw made home | Batting: SHB William Daly | 0-0: Swinging Strike 0-1: Swinging Strike 0-2: Strikes out looking | Batting: RHB Joe Courtier | 0-0: Ball 1-0: Ball 2-0: Foul Ball, location: 2F 2-1: Ball 3-1: Foul Ball, location: 2F 3-2: Base on Balls Claudio Rodríguez to third Gary Thomas to second | Batting: RHB Doug Delaney | 0-0: Foul Ball, location: 2F 0-1: Fielders Choice at 2nd, 6-4 (Groundball, 56) | Bottom of the 8th over - 1 run, 1 hit, 0 errors, 3 left on base; Minnesota 5 - Rio Grande 8 | TOP OF THE 9TH |
---|
Minnesota ManBearPigs batting - Pitching for Rio Grande Rattlesnake : RHP Nelson Britt | Pitching: RHP Frank Martin | | Batting: RHB Gustavo Medine | 0-0: Ball 1-0: Called Strike 1-1: Ball 2-1: Ball 3-1: Called Strike 3-2: Base on Balls | Batting: RHB Jaime Hernández | 0-0: Ball 1-0: Swinging Strike 1-1: Swinging Strike 1-2: Strikes out swinging | Batting: RHB Irving Galloway | 0-0: Ball 1-0: SINGLE (Groundball, 3S) (infield hit) Gustavo Medine to second | Batting: RHB Pedro López | 0-0: Ball 1-0: Called Strike 1-1: Called Strike 1-2: Ball 2-2: Grounds into double play, 4-6-3 (Groundball, 4) | Top of the 9th over - 0 runs, 1 hit, 0 errors, 1 left on base; Minnesota 5 - Rio Grande 8 | |